 Dungeon Crawl Stone Soup version 0.24.0-13-gcf9b3192b9 (webtiles) character file.

Game seed: 11682347253921981579, levelgen mode: deterministic

2157 EmberCloud the Cleaver (level 9, -7/75 HPs)
             Began as a Minotaur Fighter on Nov 8, 2019.
             Was a Believer of Okawaru.
             Mangled by a hog (9 damage)
             ... on level 7 of the Dungeon.
             The game lasted 00:32:15 (4664 turns).

EmberCloud the Cleaver (Minotaur Fighter)           Turns: 4664, Time: 00:32:16

Health: -7/75      AC:  6    Str: 22    XL:     9   Next: 10%
Magic:  8/8        EV: 11    Int:  5    God:    Okawaru [**....]
Gold:   332        SH: 10    Dex: 12    Spells: 8/8 levels left

rFire    . . .     SeeInvis .   a - +0 war axe
rCold    . . .     Gourm    .   c - +0 shield
rNeg     . . .     Faith    .   y - +0 troll leather armour {Purgy}
rPois    .         Spirit   .   (helmet restricted)
rElec    .         Reflect  .   r - +0 cloak
rCorr    .         Harm     .   (no gloves)
MR       .....                  (no boots)
Stlth    +.........             (no amulet)
HPRegen  0.62/turn              (no ring)
MPRegen  0.11/turn              (no ring)

@: about to teleport
A: retaliatory headbutt, horns 2
a: Heroism, Renounce Religion


You were on level 7 of the Dungeon.
You worshipped Okawaru.
Okawaru was pleased with you.
You were not hungry.

You visited 1 branch of the dungeon, and saw 7 of its levels.
You also visited: Sewer.

You collected 332 gold pieces.

Inventory:

Hand Weapons
 a - a +0 war axe (weapon)
Missiles
 q - 41 poisoned darts (quivered)
 x - 4 atropa-tipped darts
Armour
 b - a +0 scale mail
 c - a +0 shield (worn)
 r - a +0 cloak (worn)
 t - a +0 large shield
 y - a +0 troll leather armour (worn) {Purgy}
Jewellery
 C - a +3 ring of intelligence {unknown}
 H - a +2 ring of evasion {unknown}
Wands
 p - a wand of random effects (27)
 B - a wand of flame (21)
Scrolls
 e - a scroll of blinking {unknown}
 h - a scroll of fear
 i - 4 scrolls of remove curse
 j - a scroll of enchant armour {unknown}
 o - 3 scrolls of teleportation
 s - a scroll of magic mapping {unknown}
 v - a scroll of fog {unknown}
 D - a scroll of immolation {unknown}
 E - a scroll of torment {unknown}
 F - a scroll of enchant weapon {unknown}
Potions
 d - a potion of might
 g - a potion of cancellation {unknown}
 k - a potion of lignification {unknown}
 l - 2 potions of heal wounds {unknown}
 m - 2 potions of resistance {unknown}
 n - a potion of haste {unknown}
 u - a potion of curing {unknown}
 w - a potion of flight {unknown}
 z - a potion of magic {unknown}
 A - 3 potions of berserk rage {unknown}
Comestibles
 f - 18 rations


   Skills:
 + Level 6.0 Fighting
 * Level 10.7 Axes
 + Level 2.0 Throwing
 + Level 5.5 Armour
 + Level 3.3 Dodging
 + Level 0.3 Stealth
 + Level 6.5 Shields


You had 8 spell levels left.
You didn't know any spells.
Your spell library contained the following spells:

 Spells                   Type           Power        Failure   Level  Hunger
 Beastly Appendage        Tmut           #.....       88%         1    ##.....
 Sticks to Snakes         Tmut           #.......     95%         2    ###....
 Spider Form              Tmut/Pois      #.........   99%         3    ####...
 Ice Form                 Ice/Tmut       #.......     100%        4    #####..
 Blade Hands              Tmut           #.........   100%        5    ######.


Dungeon Overview and Level Annotations

Branches:
Dungeon (7/15)             Temple (0/1) D:6           Sewer (visited)

Altars:
Elyvilon
Gozag
Hepliaklqana
Kikubaaqudgha
Nemelex Xobeh
Okawaru
Uskayaw
Vehumet
Xom

Shops:
D:4 :


Innate Abilities, Weirdness & Mutations

You reflexively headbutt those who attack you in melee.
You have a pair of horns on your head.


Message History

You hit the hog but do no damage.
The hog is moderately wounded.
Your shield prevents you from hitting the hog.
The hog bites you. The hog barely misses you. You block the hog's attack.
You slash the hog! You headbutt the hog!
The hog is almost dead.
You hit the hog. x2; The hog bites you! x2
* * * LOW HITPOINT WARNING * * *
Cornered, the hog turns to fight!
You block the hog's attack. x2
The hog bites you.
* * * LOW HITPOINT WARNING * * *
Okay, then.
As you read the scroll of teleportation, it crumbles to dust.
You feel strangely unstable. The hog bites you but does no damage.
The hog bites you!
* * * LOW HITPOINT WARNING * * *
The hog barely misses you. x2
The hog closely misses you. The hog bites you!
You die...

..#........#
......####### ######+##
####### ##...##
#.....###.....## #
#.....##.......## ##
#####'###^........####.
#.#%hhh.#.........+....
#.#%h.@)'.........####.
#.#######........##...#
#.# ###.>...##..... #.#
##...###..... #.#######
##'## #.....
#.†.....#####.#####...#
#.#####.#.......# ##.##
#.#####.#.###.#.# #.#
#.##.##.........# #.#


You could see 4 hogs.

Vanquished Creatures
  A human (D:7)
  Edmund (D:5)
  Purgy (Sewer)
  2 ice beasts
  An orc warrior (D:6)
  2 ogres
  A phantom (D:6)
  A necrophage (D:5)
  A bullfrog (D:6)
  3 killer bees (D:7)
  2 scorpions (D:7)
  A howler monkey (D:4)
  2 jellies
  5 crimson imps
  A bullfrog zombie (D:6)
  A quasit (D:6)
  A hound (D:6)
  Terence (D:2)
  An iguana (D:4)
  5 orc wizards (D:6)
  5 worker ants
  A gnoll (D:4)
  8 adders
  A shadow imp (D:6)
  An adder zombie (D:6)
  An adder skeleton (D:4)
  4 worms
  A dart slug (D:2)
  9 leopard geckos
  22 orcs
  13 bats
  5 giant cockroaches
  6 goblins
  2 hobgoblins (D:2)
  13 jackals
  3 quokkas
  8 frilled lizards
  4 kobolds
  A quokka skeleton (D:4)
  5 rats
147 creatures vanquished.

Notes
Turn   | Place    | Note
-------+----------+-------------------------------------------
     0 | D:1      | EmberCloud the Minotaur Fighter began the quest for the
                  | Orb.
     0 | D:1      | Reached XP level 1. HP: 19/19 MP: 0/0
   345 | D:1      | Reached XP level 2. HP: 25/27 MP: 1/1
   606 | D:2      | Found an ancient bone altar of Kikubaaqudgha.
   637 | D:2      | Reached XP level 3. HP: 17/33 MP: 2/2
   643 | D:2      | Noticed Terence
   652 | D:2      | Killed Terence
   652 | D:2      | Reached skill level 3 in Axes
   691 | D:2      | Reached XP level 4. HP: 19/40 MP: 3/3
   936 | D:2      | Found a sparkling altar of Nemelex Xobeh.
  1322 | D:3      | Reached skill level 1 in Dodging
  1449 | D:3      | Found a glowing drain.
  1489 | Sewer    | Entered a sewer
  1519 | Sewer    | Noticed Purgy
  1528 | Sewer    | Killed Purgy
  1528 | Sewer    | Reached skill level 4 in Axes
  1528 | Sewer    | Reached XP level 5. HP: 41/46 MP: 4/4
  1701 | D:3      | Found an opulent altar of Gozag.
  2089 | D:4      | Reached skill level 5 in Axes
  2135 | D:4      | Found Uwon's Book Shop.
  2201 | D:4      | Noticed an ogre
  2212 | D:4      | Killed an ogre
  2212 | D:4      | Reached skill level 5 in Armour
  2212 | D:4      | Reached XP level 6. HP: 22/53 MP: 5/5
  2409 | D:4      | Reached skill level 5 in Shields
  2469 | D:4      | Found a hazy altar of Hepliaklqana.
  2470 | D:4      | Found a shimmering altar of Xom.
  2470 | D:4      | Noticed a yak
  2471 | D:4      | Noticed a spectral ugly thing
  2471 | D:4      | Noticed a yak
  2549 | D:4      | Found a white marble altar of Elyvilon.
  2903 | D:4      | Reached skill level 6 in Axes
  2941 | D:5      | Entered Level 5 of the Dungeon
  2941 | D:5      | Noticed an ice beast
  2951 | D:5      | Killed an ice beast
  2951 | D:5      | Reached XP level 7. HP: 60/60 MP: 6/6
  2979 | D:5      | Found a radiant altar of Vehumet.
  3077 | D:5      | Found an iron altar of Okawaru.
  3086 | D:5      | Became a worshipper of Warmaster Okawaru
  3303 | D:5      | Reached skill level 7 in Axes
  3325 | D:5      | Noticed Edmund
  3340 | D:5      | Killed Edmund
  3340 | D:5      | Reached skill level 5 in Fighting
  3438 | D:5      | Reached * piety under Okawaru
  3535 | D:5      | Reached skill level 8 in Axes
  3535 | D:5      | Reached skill level 1 in Throwing
  3668 | D:6      | Reached XP level 8. HP: 56/68 MP: 4/7
  3697 | D:6      | Found a staircase to the Ecumenical Temple.
  3833 | D:6      | Reached skill level 9 in Axes
  4317 | D:6      | Reached ** piety under Okawaru
  4449 | D:7      | Reached skill level 10 in Axes
  4464 | D:7      | Found a hide-covered altar of Uskayaw.
  4620 | D:7      | Reached XP level 9. HP: 59/75 MP: 8/8
  4662 | D:7      | HP: 1/75 [hog (8)]
  4664 | D:7      | Mangled by a hog

Levels and vault maps discovered:
D:1:      dpeg_arrival_pond, layout_loops_ring
D:2:      layout_basic, kiku_gazebo_garden_becter, nemelex_altar_shiori,
          uniq_terence
D:3:      layout_loops_ring, nicolae_gozag_cash_rules_everything_around_me,
          cheibrodos_sewer_entry_bend
D:4:      wad_crossroads, layout_cave_pods, regret_index_temple_of_mockery,
          elyvilon_altar_5, first_ration, serial_shops, shop
D:5:      cheibrodos_iron_armory, layout_gridville,
          nicolae_overflow_crystal_walls, basic_altar, uniq_edmund
D:6:      layout_gridville, minmay_temple_entry_mist
D:7:      layout_loops_corners, lemuel_crystal_altar, grunt_livestock,
          fedhas_altar_fruit_tree

Skill      XL: |  1  2  3  4  5  6  7  8  9 |
---------------+----------------------------+-----
Fighting       | 4 5 6 |  6.0
Armour         | 4 5 |  5.5
Shields        | 4 5 6 |  6.5
Axes           | 3 4 5 6 8 10 | 10.7
Dodging        | 1 2 3 |  3.3
Throwing       | 1 2 |  2.0
Stealth        | |  0.3

Action                   |  1- 3 |  4- 6 |  7- 9 || total
-------------------------+-------+-------+-------++-------
Melee: War axe           |    65 |   136 |   195 ||   396
       Headbutt          |     4 |    25 |    41 ||    70
Throw: Dart              |       |     5 |    22 ||    27
Invok: Heroism           |       |       |     1 ||     1
  Use: Scroll            |       |     3 |     3 ||     6
  Eat: Chunk             |       |     3 |     6 ||     9
       Ration            |       |     1 |       ||     1
Armor: Scale mail        |    54 |    62 |       ||   116
       Troll leather arm |       |     7 |    57 ||    64
Dodge: Dodged            |    35 |    77 |    92 ||   204
Block: Shield            |    45 |   106 |   114 ||   265
